Map: Подводный мир РВ

Players

Kas - Winner!

  • Race: Terran Terran
  • League: Grandmaster
  • Spawn Location: 11:00

llllllllllll

  • Race: Terran Terran
  • League: Grandmaster
  • Spawn Location: 5:00

VOD

Have the link to the VOD?

Description

Time

  • Played on: Oct. 13, 2020, 12:56 p.m.
  • Length: 10:17
Show
View Real Time Build Order
Export as new Build Order

Kas Terran - Winner!

Build Orders: Reaper Expand 

Get SALT Encoding   

  12  0:00  SCV  
  13  0:12  SCV  
  14  0:17  Supply Depot  
  14  0:24  SCV  
  15  0:38  SCV  
  15  0:40  Barracks  
  16  0:46  Refinery  
  16  0:50  SCV  
  17  1:02  SCV  
  18  1:15  SCV  
  19  1:29  Reaper, Orbital Command  
  20  1:39  Command Center  
  20  1:48  Supply Depot  
  20  1:54  SCV  
  20  2:01  Marine  
  22  2:06  SCV  
  23  2:09  Factory  
  23  2:16  Refinery  
  23  2:18  SCV  
  24  2:24  Barracks Reactor  
  24  2:31  SCV  
  25  2:48  SCV  
  26  2:54  Hellion, Starport  
  26  2:55  Orbital Command  
  28  3:00  SCV, Marine x2  
  31  3:12  SCV  
  32  3:14  Refinery  
  32  3:16  Factory Tech Lab  
  32  3:17  Marine x2  
  34  3:21  SCV  
  34  3:24  SCV  
  36  3:31  Viking  
  36  3:33  SCV  
  39  3:35  Cyclone, Marine  
  39  3:36  SCV, Marine  
  45  3:45  SCV, Supply Depot  
  46  3:49  Supply Depot  
  46  4:02  Starport Tech Lab  
  46  4:06  SCV x2  
  46  4:07  Siege Tank  
  50  4:18  SCV  
  50  4:19  SCV, Command Center  
  50  4:22  Raven  
  54  4:27  Supply Depot  
  54  4:30  SCV  
  55  4:32  SCV, Marine  
  57  4:39  Marine  
  57  4:43  SCV  
  57  4:44  SCV  
  60  4:49  Siege Tank  
  60  4:52  Supply Depot  
  63  4:55  SCV  
  63  4:56  Supply Depot  
  63  4:57  SCV  
  65  5:02  Supply Depot  
  65  5:07  SCV  
  65  5:10  SCV  
  65  5:14  Marine  
  68  5:16  Viking  
  68  5:17  Viking  
  68  5:19  SCV  
  73  5:22  SCV, Siege Tank  
  73  5:25  Supply Depot  
  73  5:28  Stimpack, Refinery  
  77  5:31  SCV  
  77  5:33  Orbital Command  
  77  5:34  SCV  
  79  5:37  Marine  
  80  5:44  SCV  
  80  5:46  SCV  
  80  5:52  Viking, Barracks  
  80  5:53  Barracks  
  80  5:54  Viking  
  84  5:59  SCV  
  84  6:01  SCV  
  84  6:06  Orbital Command  
  84  6:09  Marine, Siege Tank  
  84  6:11  SCV  
  88  6:13  SCV  
  89  6:22  Viking  
  89  6:23  SCV  
  89  6:24  Viking  
  94  6:25  SCV, Engineering Bay  
  94  6:26  Engineering Bay  
  94  6:29  Supply Depot  
  95  6:33  SCV  
  95  6:35  SCV, Marine  
  95  6:38  SCV  
  99  6:40  Barracks Reactor  
  99  6:42  Barracks Reactor, Barracks  
  99  6:43  Barracks  
  99  6:49  Siege Tank  
  99  6:53  Marine  
  100  6:59  Viking, Orbital Command, Liberator  
  100  7:00  SCV  
  106  7:03  Terran Infantry Weapons Level 1  
  106  7:05  Supply Depot  
  106  7:08  Terran Infantry Armor Level 1  
  106  7:09  SCV  
  106  7:11  Marine  
  106  7:12  SCV  
  109  7:17  Marine x2  
  109  7:21  SCV  
  109  7:22  Supply Depot  
  112  7:24  SCV x2  
  112  7:26  Combat Shield, Marine x2  
  112  7:29  Marine  
  117  7:30  Siege Tank  
  117  7:36  SCV  
  117  7:37  SCV  
  122  7:39  SCV, Refinery  
  122  7:41  Barracks Reactor x2, Refinery  
  123  7:49  Marine x2  
  123  7:50  Viking  
  128  7:54  Marine x3  
  128  7:56  Liberator  
  128  7:58  SCV x2  
  132  8:01  Supply Depot  
  132  8:02  SCV  
  133  8:07  Marine  
  133  8:09  Armory  
  133  8:10  SCV  
  132  8:15  Supply Depot  
  132  8:19  SCV  
  132  8:23  Marine x4  
  132  8:24  SCV  
  132  8:26  Marine  
  138  8:27  Marine x4  
  138  8:28  Siege Tank  
  138  8:30  Sensor Tower  
  145  8:35  SCV  
  145  8:41  Marine x2  
  146  8:42  Marine  
  146  8:43  Marine  
  146  8:44  SCV, Marine  
  146  8:45  Marine  
  150  8:52  Marine x2  
  150  8:55  Marine  
  152  8:59  SCV, Marine x2  
  152  9:00  Marine  
  152  9:02  Marine x2  
  157  9:03  Marine  
  157  9:06  Command Center  
  135  9:10  Marine x2  
  135  9:13  Medivac x2, Marine, Siege Tank  
  135  9:17  SCV x2, Marine x2  
  140  9:18  Marine  
  140  9:20  Marine  
  144  9:24  Marine x2  
  144  9:27  Marine  
  144  9:29  Marine  
  144  9:30  Factory  
  144  9:31  Marine  
  148  9:34  SCV x2, Supply Depot, Marine  
  148  9:35  Marine  
  153  9:39  Marine x2  
  153  9:43  SCV  
  153  9:44  Marine  
  157  9:55  SCV  
Show
View Real Time Build Order
Export as new Build Order

llllllllllll Terran 

Build Orders:  

Get SALT Encoding   

  12  0:00  SCV  
  13  0:12  SCV  
  14  0:17  Supply Depot  
  14  0:24  SCV  
  15  0:38  SCV  
  15  0:41  Barracks  
  16  0:44  Refinery  
  16  0:50  SCV  
  16  0:53  Refinery  
  17  1:03  SCV  
  18  1:15  SCV  
  19  1:28  Reaper, Orbital Command  
  19  1:31  Supply Depot  
  20  1:43  Factory  
  21  1:54  SCV  
  21  2:00  Reaper  
  22  2:06  SCV  
  23  2:19  SCV  
  24  2:24  Command Center  
  24  2:29  Hellion  
  26  2:31  SCV  
  26  2:34  Barracks Reactor  
  27  2:45  Starport  
  27  2:49  SCV  
  27  2:50  Supply Depot  
  28  2:52  Factory Tech Lab  
  28  3:01  SCV  
  29  3:13  Cyclone  
  29  3:14  Marine x2  
  29  3:16  SCV  
  35  3:23  Starport Tech Lab  
  35  3:28  SCV  
  35  3:32  Marine x2  
  38  3:34  Refinery  
  38  3:38  Orbital Command  
  38  3:40  SCV  
  39  3:47  Raven  
  41  3:52  SCV, Marine x2  
  44  4:04  SCV x2, Supply Depot  
  44  4:07  Siege Tank  
  49  4:15  Marine x2  
  49  4:16  SCV x2  
  53  4:27  Supply Depot  
  53  4:28  SCV  
  54  4:33  SCV, Marine x2  
  54  4:36  Raven  
  58  4:40  SCV  
  59  4:45  SCV  
  59  4:50  Supply Depot  
  59  4:51  Marine x2  
  62  4:52  SCV  
  62  4:54  Siege Tank  
  62  4:58  SCV  
  66  5:04  SCV  
  67  5:10  SCV  
  67  5:13  Supply Depot, Command Center  
  68  5:17  SCV  
  68  5:18  Marine x2  
  68  5:20  Raven  
  73  5:22  SCV  
  73  5:26  Siege Tank  
  77  5:29  SCV  
  78  5:36  SCV  
  78  5:38  Barracks x2  
  78  5:41  SCV  
  78  5:42  Refinery  
  80  5:45  Supply Depot  
  80  5:48  SCV  
  80  5:49  Marine  
  82  5:58  Siege Tank  
  85  6:07  SCV x2  
  87  6:12  Supply Depot  
  87  6:17  Engineering Bay  
  87  6:18  Engineering Bay  
  87  6:19  SCV  
  87  6:24  Orbital Command  
  88  6:27  Barracks Reactor x2  
  88  6:28  Viking x2  
  88  6:30  Siege Tank  
  88  6:31  SCV x2  
  95  6:43  SCV x2, Stimpack  
  97  6:51  Orbital Command  
  98  6:55  SCV x2  
  99  7:04  Terran Infantry Weapons Level 1, Terran Infantry Armor Level 1  
  99  7:07  SCV x2  
  101  7:08  Supply Depot  
  101  7:09  Supply Depot  
  101  7:11  Barracks x2  
  101  7:13  Siege Tank  
  104  7:19  SCV x3  
  107  7:27  Viking  
  107  7:28  Viking  
  111  7:30  Supply Depot  
  111  7:31  SCV x2  
  111  7:32  SCV  
  111  7:39  Marine  
  111  7:40  Marine x4  
  111  7:43  SCV x2  
  111  7:44  SCV  
  119  7:45  Siege Tank  
  119  7:48  Supply Depot  
  119  7:51  Supply Depot  
  121  7:53  Armory  
  121  7:55  SCV x2  
  121  7:56  SCV  
  121  7:57  Marine x2, Sensor Tower  
  126  7:59  Viking  
  126  8:01  Viking  
  126  8:04  Refinery  
  130  8:06  Refinery  
  130  8:07  SCV  
  130  8:08  SCV  
  127  8:28  Marine x2  
  127  8:29  Viking, Barracks Reactor x2, Marine x2  
  127  8:30  Marine  
  127  8:31  Viking  
  126  8:44  Siege Tank  
  126  8:46  Marine x2  
  126  8:47  Marine x3  
  128  8:53  Sensor Tower  
  128  8:57  Command Center  
  117  9:04  Marine x2  
  117  9:05  Marine x3  
  108  9:14  Marine  
  108  9:15  Marine  
  104  9:18  Medivac x2, Marine x2, Siege Tank  
  104  9:22  Marine x2  
  104  9:23  Marine x3  
  118  9:29  Barracks  
  118  9:30  Barracks  
  118  9:32  Marine x2  
  118  9:35  Barracks  
  118  9:36  Marine x2  
  122  9:39  Marine  
  122  9:40  SCV x2  
  122  9:43  SCV  
  122  9:44  Marine  
  122  9:45  Marine x3  
  130  9:50  Marine x2  
  130  9:52  SCV  
  140  9:54  Marine x2  
  138  10:01  SCV x2  
Tags
 
Add a new tag
Caveats
  • Supply blocks, unpowered buildings, or Contaminate may cause inaccurate times.
  • Supply counts are checked every 10 seconds.